 Dungeon Crawl Stone Soup version 0.18.1-48-g4cf74bf (webtiles) character file.

2876 Joat the Slinger (level 10, 0/60 HPs)
             Began as a Halfling Hunter on July 30, 2016.
             Was a Follower of Dithmenos.
             Slain by a wight
             ... wielding a cursed +0 great sword
              (7 damage)
             ... on level 7 of the Dungeon.
             The game lasted 01:23:02 (8583 turns).

Joat the Slinger (Halfling Hunter)                  Turns: 8583, Time: 01:23:03

Health: 0/60       AC:  6    Str: 12    XL:     10   Next: 5%
Magic:  14/14      EV: 14    Int: 10    God:    Dithmenos [*.....]
Gold:   364        SH:  0    Dex: 19    Spells: 0 memorised, 9 levels left

rFire  . . .     SeeInvis +     b - +0 dagger (speed)
rCold  . . .     Gourm    .     F - +0 robe
rNeg   . . .     Faith    .     (shield restricted)
rPois  .         Spirit   .     C - +0 helmet
rElec  .         Dismiss  .     p - +0 cloak
rCorr  .         Reflect  .     E - +0 pair of gloves
SustAt .         Harm     .     G - +0 pair of boots
MR     .....                    j - amulet of rage
Stlth  ++++......               (no ring)
                                x - ring of see invisible

@: exhausted, slowed, wreathed by umbra, heavily drained, very slow, not
resistant to hostile enchantments, stealthy
A: mutation resistance 1
a: Renounce Religion, Evoke Berserk Rage


You were on level 7 of the Dungeon.
You worshipped Dithmenos.
Dithmenos was aware of your devotion.
You were not hungry.

You visited 1 branch of the dungeon, and saw 7 of its levels.

You collected 364 gold pieces.

Inventory:

Hand Weapons
 a - a +1 hunting sling
 b - a +0 dagger of speed (weapon)
 h - a +3 scimitar of freezing
 D - a +0 falchion of holy wrath
 I - a +2 mace of draining
 L - a +0 shortbow
 M - a +0 spear
 N - a +1 war axe of freezing
Missiles
 e - 58 stones (quivered)
 o - 83 arrows
 u - 6 poisoned needles
 B - 24 bolts
 O - 5 curare-tipped needles
Armour
 g - a +0 plate armour
 p - a +0 cloak (worn)
 C - a +0 helmet (worn)
 E - a +0 pair of gloves (worn)
 F - a +0 robe (worn)
 G - a +0 pair of boots (worn)
 P - a +0 robe
 Q - a +0 robe
Jewellery
 j - an amulet of rage (around neck)
 x - a ring of see invisible (left hand)
Wands
 d - a wand of iceblast (10/15)
 H - a wand of lightning (5/15)
Scrolls
 k - 2 scrolls of magic mapping {unknown}
 l - a scroll of enchant armour {unknown}
 n - a scroll of recharging {unknown}
 q - 3 scrolls of teleportation {unknown}
 r - 2 scrolls of brand weapon {unknown}
 w - 2 scrolls of fear {unknown}
 y - 2 scrolls of identify
 z - a scroll of torment {unknown}
 K - a scroll of remove curse
Potions
 c - 2 potions of agility
 i - 3 potions of flight
 m - a potion of cancellation {unknown}
 s - 2 potions of degeneration {unknown}
 t - 2 potions of heal wounds {unknown}
 v - a potion of resistance {unknown}
 A - a potion of mutation {unknown}
 J - a potion of lignification {unknown}
Comestibles
 f - 6 bread rations


   Skills:
 - Level 2.0(0.5) Fighting
 + Level 8.4(6.5) Short Blades
 - Level 12.1(10.1) Slings
 - Level 2.5(0.9) Dodging
 - Level 6.8(5.1) Stealth
 - Level 5.7(4.0) Evocations


You had 9 spell levels left.
You didn't know any spells.

Dungeon Overview and Level Annotations

Branches:
Dungeon (7/15)             Temple (0/1) D:6

Altars:
Cheibriados
Dithmenos
Elyvilon
Gozag
Makhleb
Pakellas
Qazlal
Ru
Trog
Yredelemnul

Shops:
D:7 (%=


Innate Abilities, Weirdness & Mutations

You are small and have problems with some larger weapons.
You are somewhat resistant to further mutation.


Message History

There isn't anything to butcher here.
M - a spear;
N - a war axe of freezing;
P - a robe;
Q - a robe You feel a strong urge to attack something.
You slam the door shut with a bang!
You feel your anger subside.
You are no longer berserk.
You are exhausted.
You feel yourself slow down.
You are near starving!
Eat which item? (? for menu, Esc to quit)
You continue eating. x2
Something unseen opens the door.
You finish eating.
That bread ration really hit the spot!
A wight comes into view. It is wielding a great sword.
The wight hits you with a great sword.
* * * LOW HITPOINT WARNING * * *
You feel drained.
* * * LOW HITPOINT WARNING * * *
A wight comes into view. It is wielding a morningstar.
The wight hits you with a great sword!
You die...

#####.# #.......(# #.....#
#.......(+ #.#####
####....z... #####.#
#........∩(#
...##'#########.........(#
.............# .......(.#
.............# ###'###..(+
.............# #.z...#..(#####
.............###@#.#.#........
.............#.'.._..'(...####
.............#.#.#.#.#....#
...............#.....#....#
.............#####+###.####
.............# ..#
.############# ### .# .#


You could see 2 wights.

Vanquished Creatures
  Prince Ribbit (D:5)
  Eustachio (D:4)
  The ghost of Inkary the Twirler, an amateur MiGl (D:3)
  A hippogriff (D:7)
  2 orc warriors
  2 ice beasts
  3 ogres
  3 centaurs
  3 giant frogs
  2 scorpions
  5 wights
  A howler monkey (D:6)
  2 crimson imps
  2 orc priests (D:5)
  A giant frog skeleton (D:3)
  A jelly (D:5)
  8 worker ants
  Natasha (thrice) (D:4)
  4 orc wizards (D:6)
  Robin (D:4)
  11 gnolls
  A howler monkey skeleton (D:6)
  5 adders
  2 shadow imps
  2 adder skeletons
  4 worms
  A dart slug (D:1)
  4 giant geckos
  13 orcs
  9 giant cockroaches
  18 goblins
  8 hobgoblins
  4 jackals (D:3)
  A quokka (D:5)
  3 ball pythons (D:3)
  6 bats
  2 giant gecko skeletons
  4 giant newts
  A jackal skeleton (D:7)
  7 kobolds
  13 rats
166 creatures vanquished.

Notes
Turn   | Place    | Note
--------------------------------------------------------------
     0 | D:1      | Joat the Halfling Hunter began the quest for the Orb.
     0 | D:1      | Reached XP level 1. HP: 14/14 MP: 1/1
    35 | D:1      | Reached skill level 6 in Slings
   138 | D:1      | Reached XP level 2. HP: 19/19 MP: 2/2
   312 | D:1      | Reached skill level 1 in Evocations
   541 | D:1      | Reached XP level 3. HP: 24/24 MP: 3/3
  1027 | D:2      | Reached XP level 4. HP: 29/29 MP: 5/5
  1304 | D:2      | Reached XP level 5. HP: 12/34 MP: 7/7
  1776 | D:2      | Found a basalt altar of Yredelemnul.
  1898 | D:3      | Noticed Inkary's ghost (amateur MiGl)
  1977 | D:3      | Killed Inkary's ghost
  1977 | D:3      | Reached skill level 5 in Evocations
  1977 | D:3      | Reached XP level 6. HP: 39/39 MP: 8/10
  2006 | D:3      | Found an oddly glowing altar of Pakellas.
  2136 | D:3      | Found a snail-covered altar of Cheibriados.
  2136 | D:3      | Found an opulent altar of Gozag.
  2136 | D:3      | Found a white marble altar of Elyvilon.
  2766 | D:3      | Reached skill level 7 in Slings
  3049 | D:3      | Reached XP level 7. HP: 13/44 MP: 11/11
  3444 | D:4      | Found a bloodstained altar of Trog.
  3467 | D:4      | Reached skill level 8 in Slings
  3686 | D:4      | Noticed Eustachio
  3936 | D:4      | Killed Eustachio
  3936 | D:4      | Reached skill level 9 in Slings
  4034 | D:4      | Noticed Natasha
  4046 | D:4      | Killed Natasha
  4223 | D:4      | Noticed Robin
  4240 | D:4      | Killed Robin
  4303 | D:4      | Reached skill level 10 in Slings
  4366 | D:4      | Reached XP level 8. HP: 49/49 MP: 12/12
  4507 | D:4      | Noticed Natasha
  4517 | D:4      | Killed Natasha
  4597 | D:4      | Noticed Natasha
  4607 | D:4      | Killed Natasha
  4743 | D:5      | Entered Level 5 of the Dungeon
  4765 | D:5      | Reached skill level 11 in Slings
  4960 | D:5      | Noticed Prince Ribbit
  4994 | D:5      | Killed Prince Ribbit
  5141 | D:5      | Found a shadowy altar of Dithmenos.
  5174 | D:5      | Reached skill level 12 in Slings
  5205 | D:5      | Became a worshipper of Dithmenos the Shadowed
  6220 | D:6      | Reached XP level 9. HP: 54/54 MP: 13/13
  6263 | D:6      | Found a sacrificial altar of Ru.
  6281 | D:6      | Reached skill level 5 in Stealth
  6430 | D:6      | Found a sacrificial altar of Ru.
  6527 | D:6      | Reached skill level 1 in Short Blades
  6934 | D:5      | Reached skill level 5 in Short Blades
  7158 | D:6      | Reached * piety under Dithmenos
  7769 | D:7      | Found Roxzyohe's Food Boutique.
  8119 | D:6      | Found a staircase to the Ecumenical Temple.
  8248 | D:7      | Found Oreingih's Weapon Shoppe.
  8409 | D:7      | Reached XP level 10. HP: 43/60 MP: 14/14
  8453 | D:7      | Found a stormy altar of Qazlal.
  8507 | D:7      | Found a burning altar of Makhleb.
  8528 | D:7      | Found Fobaruer's Jewellery Boutique.
  8583 | D:7      | Slain by a wight

Skill      XL: |  1  2  3  4  5  6  7  8  9 |
---------------+----------------------------+-----
Slings         | 6 7 10 12 | 12.1
Evocations     | 1 2 3 5 |  5.7
Stealth        | 4 6 |  6.8
Short Blades   | 8 |  8.4
Fighting       | 2 |  2.0
Dodging        | |  2.5

Action                   |  1- 3 |  4- 6 |  7- 9 | 10-12 || total
-------------------------+-------+-------+-------+-------++-------
Melee: Short sword       |    21 |    31 |       |       ||    52
       Dagger            |       |       |   204 |     8 ||   212
       Rapier            |       |       |     1 |       ||     1
       Mace              |       |       |    12 |       ||    12
       Falchion          |       |       |     5 |       ||     5
 Fire: Hunting sling     |    70 |   126 |   344 |    23 ||   563
 Abil: Evoke Berserk Rag |       |     3 |     7 |     1 ||    11
  Use: Scroll            |       |       |     4 |       ||     4
       Potion            |       |       |       |     1 ||     1
 Stab: Sleeping          |       |       |     6 |       ||     6
  Eat: Chunk             |       |     8 |    10 |       ||    18
       Fruit             |       |       |     2 |       ||     2
       Bread ration      |       |       |     1 |     1 ||     2
       Meat ration       |       |       |     1 |       ||     1
Armor: Leather armour    |     8 |    13 |     4 |       ||    25
       Chain mail        |       |       |    11 |       ||    11
       Robe              |       |       |    38 |     2 ||    40
       Skin              |       |       |     1 |       ||     1
Dodge: Dodged            |    20 |    55 |   188 |     7 ||   270
